[Event "Team 45 45 League T27"]
[Site "Internet Chess Club"]
[Date "2005.07.23"]
[Round "6"]
[White "chinta"]
[Black "chessateer"]
[Result "0-1"]
[WhiteElo "1662"]
[BlackElo "1822"]
[TimeControl "2700+45"]

1. e4 e5 2. Bc4 Nf6 3. Nf3 Nc6 4. Ng5 d5 5. exd5 Nxd5 6. Qf3 Qxg5 7. Bxd5 Qf6 8.
Qe4 Bc5 9. O-O O-O 10. Qc4 Bb6 11. Nc3 Bf5 12. Ne2 Rad8 13. Ng3 Na5 14. Bxf7+
Rxf7 15. Qc3 Bg6 16. d3 Bxf2+ 17. Kh1 Qb6 18. Bg5 Rdf8 19. b4 Bd4 20. bxa5 Rxf1+
21. Rxf1 Rxf1+ 22. Nxf1 Bxc3 23. axb6 axb6 24. Bd8 Bf7 25. Bxc7 Bxa2 26. Bxb6
Bb1 27. Ne3 Bd4 28. Bxd4 exd4 29. Nf5 Bxc2 30. Nxd4 Bxd3 31. Kg1 Kf7 32. Kf2 b5
33. Ke3 Bc4 34. Kd2 Kf6 35. Kc3 Ke5 36. Nf3+ Kf4 37. Kb4 Bf1 38. Nh4 g5 39. g3+
Kg4 40. Ng2 Bxg2 41. Kxb5 Kh3 42. Kc5 Kxh2 43. Kd4 Kxg3 {White resigns} 0-1

[Event "Team 45 45 League T27"]
[Site "Internet Chess Club"]
[Date "2005.07.21"]
[Round "6"]
[White "Knight77"]
[Black "JSC"]
[Result "0-1"]
[WhiteElo "1876"]
[BlackElo "1877"]
[TimeControl "2700+45"]

1. Nf3 Nf6 2. g3 g6 3. Bg2 Bg7 4. O-O O-O 5. d3 d5 6. Nbd2 Nc6 7. e4 e5 8. h3
Re8 9. Re1 d4 10. Nf1 h6 11. g4 Nh7 12. Ng3 Be6 13. Nh2 Qd6 14. Rf1 g5 15. Nf5
Qc5 16. Bd2 Nb4 17. Bxb4 Qxb4 18. Nxg7 Kxg7 19. Nf3 Qxb2 20. Rb1 Qxa2 21. Rxb7
Qa5 22. Qa1 Qc5 23. Qb2 f6 24. Ra1 Bd7 25. Nd2 Nf8 26. Nb3 Qd6 27. Raxa7 Rxa7
28. Rxa7 Rb8 29. Qa2 Ne6 30. Qa5 Rb6 31. Qd5 Kf8 32. Ra8+ Be8 33. Rc8 Nf4 34.
Qa8 Qc6 35. Nc5 Qxa8 36. Rxa8 Ke7 37. Ra7 Rc6 38. Ra5 Ne6 39. Nxe6 Kxe6 40. Ra2
Kd6 41. Kf1 Bf7 42. Rb2 Rb6 43. Rxb6+ cxb6 44. Ke2 Kc5 45. Kd2 Kb4 46. Bf3 b5
47. Bd1 Ka3 48. Be2 Kb2 49. Bd1 b4 50. Bf3 Be8 51. Bd1 Ba4 52. f3 Kb1 53. f4
exf4 54. e5 fxe5 55. Bf3 Bxc2 56. Bd5 b3 57. Ke2 b2 58. Kd2 Ba4 {White resigns}
0-1

[Event "Team 45 45 League T27"]
[Site "Internet Chess Club"]
[Date "2005.07.24"]
[Round "6"]
[White "fernbap"]
[Black "CraigCKlein"]
[Result "1/2-1/2"]
[WhiteElo "1776"]
[BlackElo "1788"]
[TimeControl "2700+45"]

1. Nf3 Nf6 2. g3 e6 3. c4 c5 4. Bg2 Nc6 5. Nc3 Be7 6. O-O O-O 7. e3 b6 8. d4
cxd4 9. Nxd4 Bb7 10. Nxc6 Bxc6 11. Bxc6 dxc6 12. Qxd8 Raxd8 {Game drawn by
mutual agreement} 1/2-1/2

[Event "Team 45 45 League T27"]
[Site "Internet Chess Club"]
[Date "2005.07.26"]
[Round "6"]
[White "Pilgrim"]
[Black "allanchs"]
[Result "1-0"]
[WhiteElo "1558"]
[BlackElo "1572"]
[TimeControl "2700+45"]

1. e4 e5 2. Nf3 Nc6 3. Bc4 Bc5 4. O-O Nf6 5. d4 Bxd4 6. Nxd4 Nxd4 7. f4 d6 8.
fxe5 dxe5 9. c3 Nc6 10. Qb3 O-O 11. Bg5 Na5 12. Qb4 Nxc4 13. Qxc4 Be6 14. Qb5
Re8 15. Nd2 b6 16. Rad1 c5 17. Nf3 Qc7 18. Qa4 Bd7 19. Qc2 Bc6 20. Bxf6 gxf6 21.
Nh4 Qb7 22. Rxf6 Bxe4 23. Qf2 Rad8 24. Rf1 Rd7 25. Nf5 Bxf5 26. Qxf5 Re6 27.
Rxe6 {Black resigns} 1-0

[Event "Team 45 45 League T27"]
[Site "Internet Chess Club"]
[Date "2005.07.26"]
[Round "6"]
[White "patzerchess"]
[Black "garethn"]
[Result "1/2-1/2"]
[WhiteElo "1722"]
[BlackElo "1813"]
[TimeControl "2700+45"]

1. e4 e5 2. Nf3 Nc6 3. Bb5 Bc5 4. O-O Nge7 5. Nc3 O-O 6. a3 d6 7. b4 Bb6 8. Bb2
Bg4 9. Be2 Qd7 10. b5 Bxf3 11. Bxf3 Nd4 12. Bg4 f5 13. exf5 Nexf5 14. a4 c6 15.
Ne2 Qf7 16. c3 Nxe2+ 17. Qxe2 Rae8 18. Ba3 Bc7 19. bxc6 bxc6 20. Rab1 Rb8 21.
Qe4 c5 22. f3 Ne7 23. Rb7 Bb6 24. c4 Rxb7 25. Qxb7 Ng6 26. Qxf7+ Kxf7 27. Bf5
Ba5 28. Rb1 Kf6 29. Be4 Bxd2 30. Kf2 Ba5 31. Rb7 Rf7 32. Rb5 Bc3 33. g3 h6 34.
Bc1 Nf8 35. Bd5 Re7 36. Rb8 Ne6 37. Ke3 a5 38. h4 Rd7 39. Bd2 Bxd2+ 40. Kxd2 Rd8
41. Rb5 Nc7 42. Rxa5 Nxd5 43. cxd5 Ke7 44. Ke3 Rd7 45. g4 Kd8 46. Rb5 Ra7 47. a5
Kc7 48. Kd3 Rb7 49. Kc4 Rxb5 50. Kxb5 Kb7 51. h5 Ka7 52. a6 Kb8 53. Kc4 Ka7 54.
Kb5 Kb8 {Game drawn by mutual agreement} 1/2-1/2

[Event "Team 45 45 League T27"]
[Site "Internet Chess Club"]
[Date "2005.07.22"]
[Round "6"]
[White "andy4226uk"]
[Black "BronzeAge"]
[Result "1-0"]
[WhiteElo "1883"]
[BlackElo "1787"]
[TimeControl "2700+45"]

1. e4 e6 2. d4 d5 3. exd5 exd5 4. c4 c6 5. Bd3 Bd6 6. Nc3 dxc4 7. Bxc4 Ne7 8.
Nf3 O-O 9. O-O Bg4 10. Bg5 Qc7 11. h3 Bh5 12. Re1 Kh8 13. Ne4 f6 14. Bc1 Bb4 15.
Bd2 Bxd2 16. Nexd2 Bf7 17. Qe2 Nd5 18. Nh4 Nf4 19. Qg4 Bxc4 20. Nxc4 b5 21. Nf5
bxc4 22. Re7 Qxe7 23. Nxe7 Nd5 24. Nf5 Rg8 25. Re1 Na6 26. Nd6 Rgf8 27. Qe6 Nac7
28. Nf7+ Kg8 29. Nh6+ Kh8 30. Qg8+ Rxg8 31. Nf7# {Black checkmated} 1-0

[Event "Team 45 45 League T27"]
[Site "Internet Chess Club"]
[Date "2005.07.23"]
[Round "6"]
[White "adingod"]
[Black "nanning"]
[Result "1-0"]
[WhiteElo "1928"]
[BlackElo "1543"]
[TimeControl "2700+45"]

1. d4 Nf6 2. Nf3 d5 3. Bg5 Nbd7 4. Nbd2 e6 5. e3 h6 6. Bh4 a6 7. Bd3 Bd6 8. e4
dxe4 9. Nxe4 g5 10. Nxd6+ cxd6 11. Bg3 Qb6 12. Rb1 g4 13. Nd2 Nh5 14. Nc4 Qc6
15. Qxg4 Ndf6 16. Qf3 Qxf3 17. gxf3 Nxg3 18. fxg3 Ke7 19. Nb6 Rb8 20. c4 Nd7 21.
Nxc8+ Rbxc8 22. b4 b6 23. f4 h5 24. Kd2 Nf6 25. f5 Ng4 26. Rbf1 Rhf8 27. h3 Nf6
28. Rf3 Rcd8 29. Rhf1 e5 30. Re1 Nd7 31. f6+ Ke8 32. g4 hxg4 33. hxg4 Rg8 34.
Rg1 Rg5 35. d5 a5 36. Rh1 axb4 37. Rh8+ Nf8 38. c5 Kd7 39. Bf5+ Kc7 40. c6 Ra8
41. Kc1 b5 42. Kb2 Rxf5 43. gxf5 Kb6 44. Rg3 {Black resigns} 1-0

[Event "Team 45 45 League T27"]
[Site "Internet Chess Club"]
[Date "2005.07.26"]
[Round "6"]
[White "wojozim"]
[Black "KnightedByQueen"]
[Result "1-0"]
[WhiteElo "1498"]
[BlackElo "1562"]
[TimeControl "2700+45"]

1. e4 c5 2. b4 e6 3. bxc5 Bxc5 4. d4 Bb4+ 5. Bd2 Bxd2+ 6. Nxd2 Ne7 7. Ngf3 b6 8.
Bb5 a6 9. Bd3 Bb7 10. O-O b5 11. c4 b4 12. Rb1 a5 13. a3 d5 14. axb4 dxe4 15.
Nxe4 a4 16. Nc5 Bxf3 17. Qxf3 Nbc6 18. Be4 Nxd4 19. Qa3 Ra7 20. Rfd1 O-O 21. Qe3
e5 22. f4 Nef5 23. Bxf5 Nxf5 24. Qxe5 Qc8 25. Ra1 Re8 26. Qc3 Qc6 27. Re1 Rae7
28. Rxe7 Rxe7 29. Nxa4 Ne3 30. Ra2 Nd1 31. Qd2 Rd7 32. Qe2 Rd8 33. Rd2 Qa8 34.
Rxd1 Rxd1+ 35. Qxd1 Qe8 36. b5 h6 37. b6 Qe3+ 38. Kh1 Qxf4 39. c5 g6 40. c6 Qb8
41. c7 Qb7 42. Qd8+ Kg7 43. c8=Q Qxc8 44. Qxc8 g5 45. b7 Kg6 46. b8=Q f5 47.
Qe8+ Kf6 48. Qd6+ {Black resigns} 1-0

[Event "Team 45 45 League T27"]
[Site "Internet Chess Club"]
[Date "2005.07.25"]
[Round "6"]
[White "syy89"]
[Black "megamaster"]
[Result "0-1"]
[WhiteElo "2083"]
[BlackElo "2277"]
[TimeControl "2700+45"]

1. e4 e5 2. Nf3 Nc6 3. Bb5 a6 4. Bxc6 dxc6 5. Nc3 Bd6 6. d3 Ne7 7. Be3 O-O 8.
O-O Bg4 9. h3 Bh5 10. g4 Bg6 11. Ne2 h5 12. gxh5 Bxh5 13. Ng3 Bg6 14. Ng5 Qd7
15. Kh2 f6 16. Nf3 f5 17. Bg5 fxe4 18. dxe4 Qe6 19. Nh4 Be8 20. Ngf5 Nxf5 21.
Nxf5 Bg6 22. Nxd6 cxd6 23. Qe2 Rf7 24. Rad1 Raf8 25. Rd3 d5 26. exd5 cxd5 27.
Rg3 Be4 28. Kg1 Rf3 29. h4 Qb6 30. Be3 Qxb2 31. Kh2 Rxg3 32. fxg3 Rxf1 33. Qxf1
Qxc2+ 34. Qf2 Qxf2+ 35. Bxf2 b5 36. Bc5 Kf7 37. Kg1 Ke6 38. Kf2 d4 39. Ke2 Kd5
40. Bb4 Bf5 41. Bf8 g6 42. a3 Bg4+ 43. Kd2 e4 44. Bb4 Kc4 45. Ba5 e3+ 46. Kc1 d3
47. Bc7 d2+ {White resigns} 0-1

[Event "Team 45 45 League T27"]
[Site "Internet Chess Club"]
[Date "2005.07.23"]
[Round "6"]
[White "softbunney"]
[Black "elnik"]
[Result "1-0"]
[WhiteElo "2064"]
[BlackElo "1954"]
[TimeControl "2700+45"]

1. d4 Nf6 2. c4 g6 3. Nc3 Bg7 4. e4 d6 5. f3 O-O 6. Bg5 h6 7. Be3 Nc6 8. d5 Ne5
9. Qd2 Kh7 10. h3 Nh5 11. Bf2 f5 12. f4 Nd7 13. exf5 gxf5 14. Be2 Nhf6 15. g4
Ne4 16. Nxe4 fxe4 17. Qc2 Rxf4 18. Be3 Qf8 19. Nf3 Kh8 20. Nd2 Rf7 21. Nxe4 Ne5
22. O-O-O a6 23. Ng3 b5 24. Nh5 bxc4 25. Nxg7 Qxg7 26. Bxc4 Rb8 27. Bb3 Bd7 28.
Kb1 Rf3 29. Bd4 Bb5 30. Qxc7 Rbf8 31. Bc2 Qg5 32. h4 Qxg4 33. Qxe7 {Black
resigns} 1-0

[Event "Team 45 45 League T27"]
[Site "Internet Chess Club"]
[Date "2005.07.24"]
[Round "6"]
[White "alexcolins"]
[Black "shyguy"]
[Result "1-0"]
[WhiteElo "1847"]
[BlackElo "1961"]
[TimeControl "2700+45"]

1. d4 Nf6 2. Nf3 g6 3. Nc3 d5 4. Bf4 Bg7 5. e3 O-O 6. Be2 c5 7. Ne5 cxd4 8. exd4
Nc6 9. h4 Qb6 10. Nxc6 bxc6 11. Na4 Qa5+ 12. c3 Ba6 13. Bxa6 Qxa6 14. Nc5 Qc8
15. O-O Nd7 16. Nd3 Re8 17. h5 e5 18. dxe5 Nxe5 19. h6 Nxd3 20. Qxd3 Bh8 21.
Rae1 Qd7 22. Rxe8+ Rxe8 23. Be3 Qb7 24. Bd4 f5 25. c4 Bxd4 26. Qxd4 Qd7 27. cxd5
cxd5 28. Rd1 Rd8 29. a4 a5 30. Qc3 Qa7 31. Qe5 Qb7 32. Rc1 {Black resigns} 1-0

[Event "Team 45 45 League T27"]
[Site "Internet Chess Club"]
[Date "2005.07.23"]
[Round "6"]
[White "trikmamak"]
[Black "TheTankDriver"]
[Result "0-1"]
[WhiteElo "2196"]
[BlackElo "2365"]
[TimeControl "2700+45"]

1. e4 e6 2. d4 d5 3. Nc3 Nf6 4. e5 Nfd7 5. Nce2 c5 6. c3 Nc6 7. f4 Qb6 8. Nf3
Be7 9. h4 f6 10. Rh3 fxe5 11. fxe5 cxd4 12. cxd4 Nf8 13. a3 a5 14. b3 Bd7 15.
Nc3 Rc8 16. Bb2 Ng6 17. Na4 Qd8 18. g3 O-O 19. Bd3 b5 20. Nc3 Rxf3 21. Qxf3 Nxd4
22. Qd1 Nxe5 23. Be2 Qb6 24. Nxd5 Nc2+ 25. Kf1 exd5 26. Qxd5+ Be6 27. Qxe5 Bxh3#
{White checkmated} 0-1

[Event "Team 45 45 League T27"]
[Site "Internet Chess Club"]
[Date "2005.07.22"]
[Round "6"]
[White "PublisherKing"]
[Black "trevor21"]
[Result "1/2-1/2"]
[WhiteElo "1917"]
[BlackElo "2152"]
[TimeControl "2700+45"]

1. e4 e6 2. d4 d5 3. Nd2 Nf6 4. e5 Nfd7 5. Ngf3 c5 6. c3 Nc6 7. Nb3 cxd4 8. cxd4
a5 9. Be3 a4 10. Nbd2 Be7 11. Be2 O-O 12. O-O f6 13. exf6 Bxf6 14. a3 Qb6 15.
Ne5 Nxd4 16. Nxd7 Bxd7 17. Ra2 e5 18. Kh1 Rac8 19. Nf3 Qb3 20. Bxd4 exd4 21. Qb1
Qc2 22. Qxc2 Rxc2 23. Bd3 Rc7 24. Raa1 Bg4 25. Rac1 Rfc8 26. Rxc7 Rxc7 27. Re1
Kf7 28. h3 Be6 29. Bxh7 g6 30. Bxg6+ Kxg6 31. Rxe6 d3 32. Rd6 Rc1+ 33. Kh2 d4
34. Ne5+ Kg7 35. Nxd3 Rd1 36. Nf4 Be5 37. Rd7+ Kf6 38. Kg3 Rd2 39. Rxb7 d3 40.
Rd7 Rxb2 41. Rxd3 Rb3 42. Re3 Kf5 43. Kf3 Bxf4 44. g4+ Kg5 45. h4+ Kxh4 46. Kxf4
Rxa3 47. Re8 Kh3 48. Rh8+ Kg2 49. g5 Rf3+ 50. Ke5 Kxf2 51. g6 Rg3 52. Kf6 Rf3+
53. Kg7 Ke2 54. Ra8 {Game drawn by mutual agreement} 1/2-1/2

[Event "Team 45 45 League T27"]
[Site "Internet Chess Club"]
[Date "2005.07.23"]
[Round "6"]
[White "forquesato"]
[Black "martineden"]
[Result "1-0"]
[WhiteElo "1806"]
[BlackElo "1785"]
[TimeControl "2700+45"]

1. d4 d5 2. c4 e6 3. Nc3 Nf6 4. Bg5 Be7 5. Nf3 O-O 6. e3 h6 7. Bxf6 Bxf6 8. Bd3
dxc4 9. Bxc4 b6 10. e4 Bb7 11. O-O Nc6 12. e5 Be7 13. Ne2 Na5 14. Bd3 Bxf3 15.
gxf3 c5 16. Be4 Rc8 17. d5 exd5 18. Bxd5 Rc7 19. e6 fxe6 20. Bxe6+ Kh8 21. Qa4
Rxf3 22. Qg4 Qf8 23. Ng3 Rf4 24. Qg6 Rf6 25. Qg4 Nc6 26. Bf5 Nd4 27. Bd3 Rf4 28.
Qg6 Qg8 29. Nh5 Nf3+ 30. Kh1 Nh4 31. Qg3 Qd5+ 32. f3 Rxf3 33. Qxg7# {Black
checkmated} 1-0

[Event "Team 45 45 League T27"]
[Site "Internet Chess Club"]
[Date "2005.07.23"]
[Round "6"]
[White "crapalot"]
[Black "Avedldesierto"]
[Result "1-0"]
[WhiteElo "1773"]
[BlackElo "1688"]
[TimeControl "2700+45"]

1. d4 Nf6 2. Nf3 e6 3. Bg5 Bb4+ 4. c3 Be7 5. Nbd2 h6 6. Bxf6 Bxf6 7. e3 d5 8.
Qc2 b6 9. Bd3 Bb7 10. g3 Nd7 11. O-O-O a6 12. e4 c5 13. e5 Be7 14. Rde1 c4 15.
Be2 a5 16. h4 b5 17. g4 g6 18. g5 h5 19. Nh2 b4 20. Bf3 Qb6 21. Qa4 Bc6 22. Qc2
O-O 23. Ng4 a4 24. Nf6+ Bxf6 25. gxf6 b3 26. Qb1 bxa2 27. Qxa2 a3 28. bxa3 Rfb8
29. Rhg1 Kf8 30. Bxh5 gxh5 31. Rg7 Ke8 32. Reg1 Ra7 33. Rh7 Rba8 34. Rg8+ Nf8
35. Rxf8+ Kd7 36. Rhxf7# {Black checkmated} 1-0

[Event "Team 45 45 League T27"]
[Site "Internet Chess Club"]
[Date "2005.07.23"]
[Round "6"]
[White "rayngrant"]
[Black "DynamoKyiv"]
[Result "0-1"]
[WhiteElo "1665"]
[BlackElo "1587"]
[TimeControl "2700+45"]

1. e4 e5 2. Nf3 Nc6 3. Bc4 Bc5 4. c3 Nf6 5. d4 exd4 6. cxd4 Bb4+ 7. Nc3 Nxe4 8.
O-O Bxc3 9. bxc3 d5 10. Bd3 O-O 11. c4 Re8 12. cxd5 Qxd5 13. Bc2 Bg4 14. Bb3 Qf5
15. Qd3 Rad8 16. h3 Bxf3 17. gxf3 Nd6 18. Qxf5 Nxf5 19. d5 Ncd4 20. Kg2 Nh4+ 21.
Kg3 Nhxf3 22. Bb2 Nxb3 {White resigns} 0-1

[Event "Team 45 45 League T27"]
[Site "Internet Chess Club"]
[Date "2005.07.23"]
[Round "6"]
[White "Two-DogMan"]
[Black "SpeedBlade"]
[Result "0-1"]
[WhiteElo "1486"]
[BlackElo "1469"]
[TimeControl "2700+45"]

1. e4 c6 2. d4 d5 3. Nc3 dxe4 4. Nxe4 Nd7 5. Nf3 Ngf6 6. Bd3 Nxe4 7. Bxe4 Nf6 8.
Bd3 Bg4 9. O-O e6 10. Be3 Bd6 11. Be2 Qc7 12. Ne5 Bxe2 13. Qxe2 Bxe5 14. dxe5
Qxe5 15. c3 O-O 16. f4 Qc7 17. Bd4 Qe7 18. b4 Rfe8 19. Qf3 Nd7 20. Rae1 f5 21.
Qg3 b6 22. Rxe6 Qf7 23. Rxc6 Rac8 24. Rxc8 Rxc8 25. Re1 g6 26. Qg5 Re8 27. Rd1
Qxa2 28. h3 Qe2 29. Ra1 Ra8 30. Qh6 Qe7 31. h4 Qf7 32. h5 gxh5 33. Qg5+ Qg6 34.
Qe7 Qf7 35. Qh4 Nf8 36. Bxb6 Qb7 37. Bd4 Ne6 38. Be5 Qf7 39. Qg3+ Qg6 40. Qd3
Rd8 41. Qc4 Rd2 42. Qf1 h4 43. Rxa7 h3 44. Ra8+ Kf7 45. Ra7+ Kg8 46. Kh1 hxg2+
47. Qxg2 Qxg2# {White checkmated} 0-1

[Event "Team 45 45 League T27"]
[Site "Internet Chess Club"]
[Date "2005.07.25"]
[Round "6"]
[White "flodo"]
[Black "orkid"]
[Result "1-0"]
[WhiteElo "1672"]
[BlackElo "1631"]
[TimeControl "2700+45"]

1. d4 d5 2. Bf4 Nd7 3. e3 Ngf6 4. h3 e6 5. Nf3 Nh5 6. Bh2 Nhf6 7. Bd3 Bb4+ 8. c3
Be7 9. Nbd2 c5 10. Ne5 c4 11. Bc2 O-O 12. O-O Qb6 13. b3 cxb3 14. axb3 Bd6 15.
Nxd7 Bxd7 16. c4 Qc7 17. Bxd6 Qxd6 18. c5 Qc7 19. Nf3 Bb5 20. Re1 Rfe8 21. Ne5
Nd7 22. Bxh7+ Kf8 23. Nxd7+ Qxd7 24. Bd3 Bxd3 25. Qxd3 g6 26. b4 Kg7 27. e4 dxe4
28. Qxe4 Red8 29. Qe5+ Kg8 30. Red1 Qd5 31. Qxd5 Rxd5 32. f4 a6 33. Rd3 Rad8 34.
Rad1 f6 35. Kf2 e5 36. fxe5 fxe5 37. Ke3 exd4+ 38. Rxd4 Re8+ 39. Kf3 Rxd4 40.
Rxd4 Re7 41. g4 Kg7 42. Kf4 Kf7 43. Kg5 Kg7 44. Rd6 Re5+ 45. Kf4 Re7 46. h4 Rf7+
47. Kg5 {Black resigns} 1-0

[Event "Team 45 45 League T27"]
[Site "Internet Chess Club"]
[Date "2005.07.20"]
[Round "6"]
[White "jacknor"]
[Black "chivo"]
[Result "0-1"]
[WhiteElo "1673"]
[BlackElo "1668"]
[TimeControl "2700+45"]

1. Nf3 d6 2. d4 b6 3. g3 Nf6 4. Bg2 Bb7 5. O-O e6 6. c4 Nbd7 7. Nc3 Be7 8. b3
O-O 9. Bb2 h6 10. Re1 d5 11. a3 a5 12. Nd2 c6 13. cxd5 Nxd5 14. Nxd5 cxd5 15.
Rc1 b5 16. e3 Rc8 17. Nf3 Bd6 18. Qd2 Qb6 19. Rxc8 Rxc8 20. Rc1 Rxc1+ 21. Qxc1
Qc6 22. Qxc6 Bxc6 23. Ne1 Nb6 24. Bf1 a4 25. b4 Nc4 26. Bxc4 dxc4 27. Ng2 g5 28.
Bc3 Kh7 29. Kf1 Kg6 30. Bd2 Kf5 31. h4 Bxg2+ 32. Kxg2 Ke4 33. hxg5 hxg5 34. Kf1
Kd3 35. Ke1 Kc2 36. e4 c3 37. Be3 f6 38. e5 fxe5 39. dxe5 Bxb4 40. f4 gxf4 41.
gxf4 Bxa3 42. f5 exf5 {White resigns} 0-1

[Event "Team 45 45 League T27"]
[Site "Internet Chess Club"]
[Date "2005.07.25"]
[Round "6"]
[White "David-Carioca"]
[Black "MrShaw"]
[Result "0-1"]
[WhiteElo "1523"]
[BlackElo "1659"]
[TimeControl "2700+45"]

1. d4 Nf6 2. c4 g6 3. Nc3 Bg7 4. e4 d6 5. Be2 O-O 6. Nf3 e5 7. d5 Nh5 8. Nd2 Nf4
9. Bf3 Nd3+ 10. Ke2 Nf4+ 11. Ke1 f5 12. Nb3 fxe4 13. Nxe4 Bf5 14. g3 Nh3 15. Be3
Nd7 16. Bg2 Nf6 17. Nbd2 Ng4 18. Qb3 Nxe3 19. Qxe3 Qd7 20. f3 Qd8 21. Bxh3 Bxh3
22. g4 Rf4 23. Nf2 Qh4 24. Ke2 Bh6 25. Nde4 Rxg4 26. Qc3 Rf4 27. Rhg1 Raf8 28.
Rg3 Bf5 29. Rh1 Bxe4 30. Nxe4 Rxe4+ 31. fxe4 Qxe4+ 32. Kd1 Qxh1+ {White resigns}
0-1

[Event "Team 45 45 League T27"]
[Site "Internet Chess Club"]
[Date "2005.07.24"]
[Round "6"]
[White "chessterbaggins"]
[Black "nanning"]
[Result "0-1"]
[WhiteElo "1281"]
[BlackElo "1536"]
[TimeControl "2700+45"]

1. e4 c5 2. Bc4 Nc6 3. Nf3 e6 4. c3 Nf6 5. e5 Ng4 6. d4 cxd4 7. cxd4 Qc7 8. Ng5
Ncxe5 9. Be2 Bb4+ 10. Nc3 Bxc3+ 11. Bd2 Nxf2 12. Kxf2 Bxd4+ 13. Ke1 Bxb2 14. Rb1
Bc3 15. Ne4 Bxd2+ 16. Nxd2 O-O 17. Bd3 Nxd3+ 18. Ke2 Nf4+ 19. Kf3 e5 20. Ne4 d5
21. Ng5 h5 22. Rc1 Qe7 23. h4 Bg4+ 24. Kg3 Bxd1 25. Rcxd1 Qa3+ 26. Kf2 Qxa2+ 27.
Ke1 Qe2# {White checkmated} 0-1

[Event "Team 45 45 League T27"]
[Site "Internet Chess Club"]
[Date "2005.07.21"]
[Round "6"]
[White "Frobert"]
[Black "ChessicStudent"]
[Result "1-0"]
[WhiteElo "1594"]
[BlackElo "1461"]
[TimeControl "2700+45"]

1. e4 e6 2. Nf3 d5 3. exd5 exd5 4. d4 Nc6 5. c3 Bd6 6. Bg5 f6 7. Be3 Bf5 8. Bd3
Bxd3 9. Qxd3 Nge7 10. O-O O-O 11. a3 Na5 12. Nbd2 b6 13. b4 Nb7 14. c4 c6 15. c5
Bc7 16. a4 a6 17. cxb6 Bxb6 18. a5 Ba7 19. Nb3 Nd6 20. Nc5 Bxc5 21. bxc5 Nc4 22.
Rfb1 Rb8 23. Bf4 Rb5 24. Rxb5 cxb5 25. Nd2 Nxa5 26. Bd6 Re8 27. Nb3 Nec6 28.
Nxa5 Nxa5 29. g3 Re4 30. f3 Re6 31. Qf5 Re2 32. Qxd5+ Kh8 33. Qf7 Nb3 34. Qxb3
{Black resigns} 1-0

[Event "Team 45 45 League T27"]
[Site "Internet Chess Club"]
[Date "2005.07.21"]
[Round "6"]
[White "Fegary"]
[Black "bmw2002"]
[Result "1-0"]
[WhiteElo "1641"]
[BlackElo "1582"]
[TimeControl "2700+45"]

1. e4 c6 2. d4 d5 3. e5 c5 4. c3 e6 5. Be2 Nc6 6. Be3 cxd4 7. cxd4 Qb6 8. b3
Bb4+ 9. Kf1 Nge7 10. a3 Nf5 11. axb4 Qxb4 12. Ra4 Qb6 13. Nf3 Bd7 14. Ra2 Nb4
15. Rd2 Rc8 16. g3 O-O 17. Kg2 f6 18. exf6 Nxe3+ 19. fxe3 Rxf6 20. Ne5 Be8 21.
Bh5 Qd8 22. Bxe8 Qxe8 23. Rf1 Rh6 24. Rdf2 Nc6 25. Nf7 Rg6 26. Nd6 Qd8 27. Nxc8
Qxc8 28. Rf8+ Qxf8 29. Rxf8+ Kxf8 30. Nc3 a6 31. Qh5 Rh6 32. Qg5 Rf6 33. Ne2 Na5
34. Qe5 Nc6 35. Qd6+ Ke8 36. Qc7 Rf7 37. Qc8+ Nd8 38. Nf4 Ke7 39. Nd3 Ke8 40.
Nc5 Re7 41. g4 g5 42. b4 h6 43. h3 e5 44. dxe5 b6 45. Nxa6 Rxe5 46. Nc7+ Ke7 47.
Kf3 Nf7 48. Qe8+ Kf6 49. Qc6+ Kg7 50. Qxb6 Re7 51. Ne6+ Kh8 52. Nd8 Ne5+ 53. Ke2
Kg8 54. Qxh6 d4 55. Qxg5+ Kf8 56. Qf6+ Ke8 57. Nc6 d3+ 58. Kd2 Nxc6 59. Qxc6+
{Black resigns} 1-0

[Event "Team 45 45 League T27"]
[Site "Internet Chess Club"]
[Date "2005.07.27"]
[Round "6"]
[White "e4ia"]
[Black "PostMike"]
[Result "0-1"]
[WhiteElo "1548"]
[BlackElo "1572"]
[TimeControl "2700+45"]

1. d4 Nf6 2. Nf3 e6 3. e3 b6 4. Bd3 h6 5. O-O Bb7 6. Nbd2 c5 7. c3 Ba6 8. Bxa6
Nxa6 9. a3 Nc7 10. a4 d5 11. Qc2 Bd6 12. Ne5 O-O 13. f4 a6 14. Ndf3 Ne4 15. Nd2
f5 16. Nxe4 fxe4 17. Bd2 Qe8 18. Qd1 c4 19. g4 Bxe5 20. dxe5 Qg6 21. Kh1 Rf7 22.
Rg1 Raf8 23. Qf1 Kh7 24. h4 Rd7 25. Qh3 Qf7 26. Raf1 Qg8 27. g5 h5 28. g6+ Kh6
29. f5 exf5 30. Qg3 Ne6 31. Qh3 Re7 32. Be1 Ree8 33. Bg3 Kxg6 34. Bf4+ Kh7 35.
Qg2 g6 36. Qh2 Rf7 37. Rg3 Rg7 38. Rf2 Qf7 39. Bg5 Nxg5 40. Rxg5 Qd7 41. Qg2 Qe7
42. Qg3 Qxe5 43. Qxe5 Rxe5 44. Rf4 Kg8 45. Rg1 Re6 46. Rd1 Rd7 47. Rg1 Kg7 48.
Rgf1 Rc6 49. Rg1 Rc5 50. Rxf5 Rf7 51. Rxh5 Rf3 52. Rhg5 Rc6 53. Rxd5 Rh3+ 54.
Kg2 Rxh4 55. Kf2 Rh2+ 56. Rg2 Rxg2+ 57. Kxg2 Kf6 58. Kg3 Ke6 59. Rg5 Kf7 60. Rd5
Ke6 61. Rg5 Kf6 62. Kf4 Rc5 63. Rxc5 bxc5 64. Kxe4 g5 65. Kf3 Ke5 66. e4 a5 67.
Ke3 g4 68. Kf2 Kxe4 69. Kg3 Kd3 70. Kxg4 Kc2 71. Kf4 Kxb2 72. Ke4 Kxc3 73. Kd5
Kb4 74. Kc6 c3 {White resigns} 0-1

[Event "Team 45 45 League T27"]
[Site "Internet Chess Club"]
[Date "2005.07.24"]
[Round "6"]
[White "AlPearson"]
[Black "chesskix"]
[Result "1-0"]
[WhiteElo "1382"]
[BlackElo "1458"]
[TimeControl "2700+45"]

1. e4 c5 2. Nf3 Nc6 3. d4 cxd4 4. Nxd4 e5 5. Nb5 d6 6. f4 a6 7. N5c3 Nf6 8. f5
Be7 9. Nd5 Nxd5 10. Qxd5 O-O 11. Bd2 Nd4 12. Bd3 Bh4+ 13. Kd1 Rb8 14. c3 Ne6 15.
g3 Bf6 16. Na3 Nc7 17. Qb3 b5 18. Ke2 Bd7 19. Rag1 Bc6 20. Qc2 d5 21. Rg2 Rc8
22. Qb1 Ne8 23. Rhg1 Nd6 24. exd5 Bxd5 25. Rf2 e4 26. Bc2 Re8 27. Be3 Nc4 28.
Nxc4 Bxc4+ 29. Ke1 Bd3 30. Bxd3 Qxd3 31. Qxd3 exd3 32. Kd2 Rcd8 33. h4 Bxc3+ 34.
bxc3 f6 35. g4 Re4 36. h5 Ra4 37. Kd1 Ra3 38. Bc1 Rxc3 39. g5 Kf7 40. gxf6 gxf6
41. Rfg2 Ke7 42. Rg7+ Kd6 43. Rxh7 Ke5 44. Bb2 b4 45. Bxc3+ Kxf5 {Black resigns}
1-0

[Event "Team 45 45 League T27"]
[Site "Internet Chess Club"]
[Date "2005.07.23"]
[Round "6"]
[White "wojozim"]
[Black "houseofcook"]
[Result "0-1"]
[WhiteElo "1477"]
[BlackElo "1375"]
[TimeControl "2700+45"]

1. e4 e6 2. d4 d5 3. e5 c5 4. c3 Nc6 5. Nf3 Qb6 6. Bd3 cxd4 7. cxd4 Bd7 8. Nc3
Nxd4 9. Be3 Nxf3+ 10. Qxf3 d4 11. Bxd4 Qxd4 12. O-O Qxe5 13. Qxb7 Qb8 14. Qf3 a6
15. Be4 Ra7 16. Bc6 Nf6 17. Ne4 Nxe4 18. Qxe4 Bd6 19. h3 O-O 20. Bxd7 Rxd7 21.
Rac1 Rc8 22. Rfd1 Rxc1 23. Rxc1 Rc7 24. Rd1 Rd7 25. g3 h6 26. Qc6 Rd8 27. Qxa6
Be5 28. Rxd8+ Qxd8 29. b3 Kh7 30. Qc4 g6 31. a4 Qb6 32. Kg2 Bb8 33. b4 Qb7+ 34.
f3 g5 35. b5 h5 36. Qe4+ Qxe4 37. fxe4 Bc7 38. Kf3 Kg6 39. e5 Kf5 40. Ke3 Kxe5
41. Kd3 h4 42. g4 f5 43. Kc4 f4 44. Kc5 f3 45. b6 Bxb6+ 46. Kxb6 f2 {White
resigns} 0-1

[Event "Team 45 45 League T27"]
[Site "Internet Chess Club"]
[Date "2005.07.23"]
[Round "6"]
[White "Prop"]
[Black "chessterbaggins"]
[Result "1-0"]
[WhiteElo "1325"]
[BlackElo "1321"]
[TimeControl "2700+45"]

1. e4 e5 2. Nf3 Nc6 3. Bc4 Nf6 4. Nc3 d6 5. d4 Bg4 6. d5 Nd4 7. Be2 Nxe2 8. Qxe2
a6 9. O-O Be7 10. Qd3 O-O 11. b4 b5 12. a4 bxa4 13. Rxa4 Nh5 14. Be3 Bxf3 15.
gxf3 Bg5 16. Rxa6 Bxe3 17. fxe3 Rxa6 18. Qxa6 Qg5+ 19. Kf2 Qh4+ 20. Ke2 Qxh2+
21. Kd3 Qh3 22. Qa1 Nf6 23. b5 Nd7 24. Ke2 Nf6 25. Qa7 Qc8 26. f4 Nh5 27. Rb1
exf4 28. exf4 Nxf4+ 29. Ke3 Ng2+ 30. Kd4 Qh3 31. Qxc7 Qe3+ 32. Kc4 Qd2 33. b6
Ne3+ 34. Kb3 Qxc2+ 35. Kb4 Qd2 36. b7 Qd4+ 37. Kb5 Qa7 38. Kc6 Qc5+ 39. Kd7 h5
40. b8=Q Rxb8 41. Rxb8+ Kh7 42. Qxc5 dxc5 43. Ke7 h4 44. d6 h3 45. d7 h2 46. Rb1
Ng4 47. d8=Q Nf2 48. Kxf7 h1=Q 49. Rxh1+ {Black resigns} 1-0

[Event "Team 45 45 League T27"]
[Site "Internet Chess Club"]
[Date "2005.07.25"]
[Round "6"]
[White "WzeroMN"]
[Black "BosqueVerde"]
[Result "1/2-1/2"]
[WhiteElo "1164"]
[BlackElo "1243"]
[TimeControl "2700+45"]

1. e4 e6 2. d4 d5 3. exd5 exd5 4. Nf3 c5 5. c3 Nc6 6. Bb5 Qb6 7. Bxc6+ Qxc6 8.
O-O cxd4 9. cxd4 Bb4 10. Bd2 Bxd2 11. Nbxd2 Nf6 12. Rc1 Qb6 13. Qb3 O-O 14. Qxb6
axb6 15. h3 Rxa2 16. Rc2 Bf5 17. Rc7 Rxb2 18. Rxb7 Ne4 19. Rb1 Nd6 20. Rxb6
Rxb1+ 21. Nxb1 Nc4 22. Rb4 {Game drawn by mutual agreement} 1/2-1/2